 Dungeon Crawl Stone Soup version 0.29-a0-789-g7a8fcbc185 (webtiles) character file.

Game seed: 17865377098289715780

270 HoaS the Skirmisher (level 6, -2/35 HPs)
             Began as a Tengu Hunter on July 2, 2022.
             Slain by a bullfrog (5 damage)
             ... on level 4 of the Dungeon.
             The game lasted 00:05:03 (2684 turns).

HoaS the Skirmisher (Tengu Hunter)                  Turns: 2684, Time: 00:05:03

Health: -2/35      AC:  3    Str: 12    XL:     6   Next: 22%
Magic:  7/7        EV: 14    Int:  9    God:
Gold:   159        SH:  0    Dex: 19    Spells: 5/5 levels left

rFire   . . .      SeeInvis .   a - +0 shortbow
rCold   . . .      Faith    .   (shield currently unavailable)
rNeg    . . .      Spirit   .   c - +0 leather armour
rPois   .          Reflect  .   (helmet restricted)
rElec   .          Harm     .   (no cloak)
rCorr   .          Rampage  .   (no gloves)
Will    .....                   (boots unavailable)
Stlth   ++........              (no amulet)
HPRegen 0.11/turn               (no ring)
MPRegen 0.10/turn               (no ring)

@: flying quickly and evasively, quick
A: beak, talons 3, nimble flight
a: no special abilities


You were on level 4 of the Dungeon.
You visited 1 branch of the dungeon, and saw 4 of its levels.

You collected 159 gold pieces.

Inventory:

Hand Weapons
 a - a +0 shortbow (weapon)
Armour
 c - a +0 leather armour (worn)
Wands
 h - a wand of charming (4)
Scrolls
 b - a scroll of immolation
 e - 2 scrolls of vulnerability
Potions
 d - a potion of might
 g - 2 potions of curing
 i - a potion of attraction {unknown}
 k - a potion of mutation {unknown}
 l - 2 potions of lignification


   Skills:
 - Level 2.0 Fighting
 + Level 8.0 Ranged Weapons
 - Level 2.1 Dodging
 - Level 1.0 Stealth


You had 5 spell levels left.
You didn't know any spells.
Your spell library contained the following spells:

 Spells                   Type           Power      Damage    Failure   Level
 Ozocubu's Armour         Ice            0%         N/A       83%         3
 Ozocubu's Refrigeration  Ice            0%         4d5       100%        7


Dungeon Overview and Level Annotations

Branches:
Dungeon (4/15)
 Temple: D:4-7

Altars:
Hepliaklqana
Wu Jian

Shops:
D:1 [


Innate Abilities, Weirdness & Mutations

You have a beak for a mouth.
You have claws for feet.
Your magical nature lets you fly swiftly and evasively.


Message History

You now have 159 gold pieces (gained 9).
A bullfrog comes into view.
You shoot an arrow. The arrow hits the bullfrog.
The bullfrog is lightly wounded.
You shoot an arrow. The arrow barely misses the bullfrog.
You shoot an arrow. The arrow hits the bullfrog.
The bullfrog is moderately wounded.
The bullfrog hits you.
You shoot an arrow. The arrow barely misses the bullfrog.
The bullfrog hits you. x2
You shoot an arrow. The arrow hits the bullfrog.
The bullfrog is heavily wounded.
The bullfrog hits you.
You shoot an arrow. The arrow misses the bullfrog.
The bullfrog barely misses you. The bullfrog hits you.
You shoot an arrow. The arrow barely misses the bullfrog.
The bullfrog hits you. x2
You are too injured to fight recklessly!
You are too injured to fight recklessly!
You are too injured to fight recklessly!
Fire: a) +0 shortbow
Press: ? - help, Q - select action, (/) - cycle Shift-Dir - straight line, f/p - bullfrog
Aim: a bullfrog (heavily wounded)
You shoot an arrow. The arrow hits the bullfrog!
The bullfrog is severely wounded.
The bullfrog hits you. x2
* * * LOW HITPOINT WARNING * * *
Fire: a) +0 shortbow
Press: ? - help, Q - select action, (/) - cycle Shift-Dir - straight line, f/p - bullfrog
Aim: a bullfrog (severely wounded)
You shoot an arrow. The arrow hits the bullfrog.
The bullfrog is almost dead.
The bullfrog hits you.
* * * LOW HITPOINT WARNING * * *
Fire: a) +0 shortbow
Press: ? - help, Q - select action, (/) - cycle Shift-Dir - straight line, f/p - bullfrog
Aim: a bullfrog (almost dead)
You shoot an arrow. The arrow closely misses the bullfrog.
The bullfrog hits you.
You die...

####.#.#######.
#.## #.# # #.#
#. #.######
...##.##....!.#
.........####.#
.#.###..####.#
#.@.....#
#.F.......
....####.##
###... . #.###
#.# #.# #.


You could see a bullfrog.

Vanquished Creatures
  A black bear (D:2)
  A kobold brigand (D:3)
  A gnoll (D:1)
  2 adders
  A worm (D:3)
  3 dart slugs
  7 ball pythons
  3 bats (D:1)
  7 endoplasms
  5 giant cockroaches
  8 goblins
  6 hobgoblins
  4 quokkas
  7 frilled lizards
  5 kobolds (D:1)
  A rat (D:3)
62 creatures vanquished.

Notes
Turn   | Place    | Note
-------+----------+-------------------------------------------
     0 | D:1      | HoaS the Tengu Hunter began the quest for the Orb.
     0 | D:1      | Reached XP level 1. HP: 12/12 MP: 2/2
   245 | D:1      | Reached XP level 2. HP: 17/17 MP: 3/3
   266 | D:1      | Reached skill level 5 in Ranged Weapons
   493 | D:1      | Reached XP level 3. HP: 21/21 MP: 4/4
   574 | D:1      | Found Sorchij's Antique Armour Shop.
   882 | D:2      | Reached skill level 6 in Ranged Weapons
   919 | D:2      | Reached XP level 4. HP: 26/26 MP: 5/5
  1036 | D:2      | Noticed a black bear
  1044 | D:2      | Killed a black bear
  1045 | D:2      | Reached skill level 7 in Ranged Weapons
  1045 | D:2      | Gained mutation: Your magical nature lets you fly swiftly
                  | and evasively. [Tengu growth]
  1045 | D:2      | Reached XP level 5. HP: 24/30 MP: 6/6
  1348 | D:2      | Found a faded altar of an unknown god.
  1822 | D:3      | Found an ornate altar of the Wu Jian Council.
  1911 | D:3      | Noticed a kobold brigand
  1944 | D:3      | Killed a kobold brigand
  1945 | D:3      | Reached XP level 6. HP: 10/35 MP: 7/7
  2201 | D:3      | Identified the +4 tower shield of Gallantry {+Inv rElec}
  2318 | D:3      | Reached skill level 8 in Ranged Weapons
  2608 | D:3      | Found a hazy altar of Hepliaklqana.
  2609 | D:3      | Found a faded altar of an unknown god.
  2684 | D:4      | Slain by a bullfrog

Illustrated notes

Levels and vault maps discovered:
D:1:      dpeg_arrival_radiant, layout_rooms, serial_shops, shop
D:2:      layout_loops_ring, ebering_ecumenical_altar_rust
D:3:      layout_loops_ring, beargit_hepliaklqana_dungeon_heroes,
          nicolae_wu_jian_wuxing_cycle, minmay_misc_feat_nine_boxes
D:4:      layout_loops_ring, general_overflow_altar, xom_butterflies,
          mainiacjoe_overflow_alcove_4, minmay_temple_entry_tees,
          nicolae_ossuary_entry_plus

Skill      XL: |  1  2  3  4  5  6 |
---------------+-------------------+-----
Ranged Weapons | 5 6 7 8 |  8.0
Fighting       | |  2.0
Dodging        | |  2.1
Stealth        | |  1.0

Action                   |  1- 3 |  4- 6 || total
-------------------------+-------+-------++-------
 Fire: Shortbow          |    92 |    91 ||   183
  Use: Scroll            |       |     8 ||     8
Armor: Leather armour    |    12 |     5 ||    17
Dodge: Dodged            |    20 |    23 ||    43

Table legend: (Time is in decaauts)
 A = Elapsed time spent in this place.
 B = Non-inter-level travel time spent in this place.
 C = Inter-level travel time spent in this place.
 D = Time resting spent in this place.
 E = Time spent auto-exploring this place.
 F = Levels seen in this place.
 G = Mean time per level.
                   A        B        C        D        E       F      G
               +--------+--------+--------+--------+--------+-----+--------+
         Total |   2614 |   2514 |    100 |    616 |   1484 |   4 |  653.5 |
       Dungeon |   2614 |   2514 |    100 |    616 |   1484 |   4 |  653.5 |
               +--------+--------+--------+--------+--------+-----+--------+

Top non-repeatable levels by time:
     D:2: 885 daAuts
     D:3: 862 daAuts
     D:1: 836 daAuts
     D:4: 30 daAuts
